Map: King's Cove LE

Players

Kelazhur

  • Race: Terran Terran
  • Spawn Location: 11:00

Bly - Winner!

  • Race: Zerg Zerg
  • Spawn Location: 5:00

Event: 2019 WCS Summer

VOD

Have the link to the VOD?

Description

Time

  • Played on: July 12, 2019, 2:56 p.m.
  • Length: 5:57

All games in this series

Show
View Real Time Build Order
Export as new Build Order

Kelazhur Terran 

Build Orders:  

Get SALT Encoding   

  12  0:00  SCV  
  13  0:13  SCV  
  14  0:18  Supply Depot  
  14  0:25  SCV  
  15  0:39  SCV  
  15  0:40  Barracks  
  16  0:45  Refinery  
  16  0:51  SCV  
  17  1:00  Barracks  
  17  1:04  SCV  
  18  1:16  SCV  
  19  1:21  Barracks  
  19  1:29  Reaper  
  20  1:38  Refinery  
  20  1:44  Orbital Command  
  20  1:49  Reaper  
  21  1:56  Supply Depot  
  21  2:04  Reaper  
  22  2:11  Bunker  
  22  2:15  Reaper  
  22  2:18  SCV  
  24  2:23  Reaper  
  25  2:30  SCV  
  25  2:36  Reaper  
  27  2:38  Supply Depot  
  27  2:45  SCV  
  27  2:48  Reaper  
  29  2:55  Reaper  
  29  2:57  SCV  
  31  3:08  Reaper  
  32  3:14  SCV, Supply Depot  
  33  3:20  Reaper  
  34  3:27  Reaper  
  34  3:31  SCV  
  32  3:43  SCV  
  31  3:52  Reaper  
  32  3:56  SCV  
  32  3:58  Barracks x2  
  33  4:08  SCV  
  32  4:27  Supply Depot x2  
  32  4:29  SCV, Reaper  
  20  4:42  SCV  
  16  4:54  SCV  
  15  5:02  Reaper  
  15  5:06  SCV  
  14  5:10  Reaper x2  
  14  5:18  SCV  
Show
View Real Time Build Order
Export as new Build Order

Bly Zerg - Winner!

Build Orders: Hatch First, Ravager All-In 

Get SALT Encoding   

  12  0:01  Drone  
  13  0:09  Drone  
  14  0:39  Hatchery  
  13  0:52  Spawning Pool  
  13  0:56  Drone  
  13  0:59  Drone  
  14  1:08  Drone, Extractor  
  14  1:14  Drone, Extractor  
  14  1:21  Overlord  
  14  1:39  Roach Warren  
  13  1:40  Drone  
  13  1:44  Drone  
  17  2:10  Drone  
  16  2:19  Roach x3  
  22  2:27  Overlord  
  22  2:36  Roach  
  24  2:48  Ravager  
  25  2:53  Ravager  
  25  2:56  Roach  
  28  2:59  Ravager  
  28  3:04  Roach  
  31  3:07  Ravager  
  32  3:14  Roach  
  34  3:20  Overlord  
  34  3:36  Ravager  
  35  3:44  Roach x2  
  35  3:47  Ravager  
  43  4:23  Roach x2  
  41  4:36  Roach x3  
  32  4:49  Roach  
  32  4:50  Ravager  
  31  4:55  Ravager  
  31  4:59  Ravager  
  33  5:00  Roach  
  32  5:09  Roach  
  32  5:17  Roach  
Tags
 
Add a new tag
Caveats
  • Supply blocks, unpowered buildings, or Contaminate may cause inaccurate times.
  • Supply counts are checked every 10 seconds.